 Dungeon Crawl Stone Soup version 0.31-a0-1172-g9944ec47dd (webtiles) character file.

Game seed: 16450162461554458082

7 Firecrotchwizard the Sneak (level 2, -3/27 HPs)
             Began as a Hill Orc Delver on Dec 10, 2023.
             Slain by a scorpion (4 damage)
             ... on level 5 of the Dungeon.
             The game lasted 00:00:32 (128 turns).

Firecrotchwizard the Sneak (Hill Orc Delver)         Turns: 128, Time: 00:00:32

Health: -3/27      AC:  3    Str: 14    XL:     2   Next: 0%
Magic:  2/2        EV: 11    Int: 10    God:
Gold:   14         SH:  0    Dex: 12    Spells: 1/1 levels left

rFire   . . .        a - +0 hand axe
rCold   . . .        (no shield)
rNeg    . . .        b - +0 leather armour
rPois   .            (no helmet)
rElec   .            (no cloak)
rCorr   .            (no gloves)
SInv    .            (no boots)
Will    .....        (no amulet)
Stlth   ++           (no ring)
HPRegen 0.24/turn    (no ring)
MPRegen 0.08/turn

%: no passive effects
@: lethally poisoned (-3 -> -12), marked
A: no striking features
a: no special abilities


You were on level 5 of the Dungeon.
You visited 1 branch of the dungeon, and saw 1 of its levels.

You collected 14 gold pieces.

Inventory:

Hand Weapons
 a - a +0 hand axe (weapon)
Armour
 b - a +0 leather armour (worn)
Wands
 g - a wand of digging (3)
Scrolls
 d - a scroll of revelation
 e - a scroll of fear
 f - a scroll of fog
Potions
 c - a potion of haste


   Skills:
 + Level 3.8 Fighting
 * Level 3.1 Axes
 + Level 0.5 Armour
 - Level 1.5 Dodging
 - Level 4.1 Stealth


You had one spell level left.
You didn't know any spells.
Your spell library was empty.

Dungeon Overview and Level Annotations

Branches:
Dungeon (5/15)
 Temple: D:4-7

Altars:

Annotations:
D:5 exclusion: lemure


Message History

Lua error: /dgldir/rcfiles/crawl-git/Firecrotchwizard.rc:334: '' expected near 'end' Welcome, Firecrotchwizard the Hill Orc Delver.
It is said that the Orb of Zot exists deep within this dungeon.
Press ? for a list of commands and other information.
Found 14 gold pieces.
Found a stone staircase leading down.
You now have 14 gold pieces.
Found 2 poisoned darts.
Okay, then.
A lemure comes into view.
Found a stone staircase leading up.
Press: ? - help, . - travel You can't see that place. [the floor.] Placed new exclusion.
There is a stone staircase leading down here.
A white imp comes into view.
The helpless white imp fails to defend itself.
You hit the white imp.
The white imp is moderately wounded.
The white imp gestures at you. The puff of frost hits you!
You hit the white imp.
The white imp is heavily wounded.
The white imp hits you but does no damage.
You hit the white imp.
The white imp is severely wounded.
The white imp closely misses you.
You hit the white imp.
You kill the white imp!
Your Axes skill increases to level 3!
You have reached level 2!
You start resting.
HP restored.
A malevolent force fills the Dungeon...
With a horrendous wail, an alarm goes off!
A sentinel's mark forms upon you.
You hear a shout! x11; You hear an angry hiss.
You hear a bark!
A scorpion comes into view.
Unknown command.
You hit the scorpion.
The scorpion is moderately wounded.
The scorpion stings you.
You are poisoned.
The scorpion poisons you! The scorpion stings you!
You hit the scorpion.
The scorpion is moderately wounded.
You feel very sick. The scorpion stings you.
* * * LOW HITPOINT WARNING * * *
You are too injured to fight recklessly!
You are too injured to fight recklessly!
Unknown command.
You hit the scorpion but do no damage.
The scorpion is moderately wounded.
You feel sick. The scorpion closely misses you.
You barely miss the scorpion.
The scorpion is moderately wounded.
You feel sick. The scorpion stings you.
* * * LOW HITPOINT WARNING * * *
You are lethally poisoned!
The scorpion poisons you!
You completely miss the scorpion.
The scorpion is moderately wounded.
* * * LOW HITPOINT WARNING * * *
You feel very sick. The scorpion closely misses you. The scorpion stings you.
You die...

#### ... ..# #.# ### #.#
#.# #.. #.# ##.########.#
#.# #........##.###.# ###
#........##.##..####.#
##....@s..##.##..#....#
............##.##..#.##.#
......................##.#
####.........#####..####.#
#.........# ##..# #.#
#.........####...####.#
#..#########...#......#
#.5#######...########## #.
...#....###


You could see a lemure and a scorpion.

Vanquished Creatures
  A white imp (D:5)
1 creature vanquished.

Notes
Turn   | Place    | Note
-------+----------+-------------------------------------------
     0 | D:5      | Firecrotchwizard the Hill Orc Delver began the quest for
                  | the Orb.
     0 | D:5      | Reached XP level 1. HP: 19/19 MP: 1/1
    11 | D:5      | Noticed a lemure
    42 | D:5      | Reached XP level 2. HP: 15/27 MP: 2/2
   120 | D:5      | Noticed a scorpion
   128 | D:5      | HP: 1/27 [poisoned by a scorpion]
   128 | D:5      | Slain by a scorpion

Illustrated notes

Levels and vault maps discovered:
D:5:      layout_basic, zin_treasury, minmay_holes, uniq_prince_ribbit1,
          uniq_pikel, uniq_crazy_yiuf_cottage, uniq_blork_the_orc

Skill      XL: |  1 |
---------------+----+-----
Axes           | 3 |  3.1
Fighting       | |  3.8
Armour         | |  0.5
Dodging        | |  1.5
Stealth        | |  4.1

Action                     || total
---------------------------++-------
  Melee: Hand axe          ||     9
   Stab: Sleeping          ||     1
 Armour: Leather armour    ||     7
  Dodge: Dodged            ||     3

Table legend: (Time is in decaauts)
 A = Elapsed time spent in this place.
 B = Non-inter-level travel time spent in this place.
 C = Inter-level travel time spent in this place.
 D = Time resting spent in this place.
 E = Time spent auto-exploring this place.
 F = Levels seen in this place.
 G = Mean time per level.
                   A        B        C        D        E       F      G
               +--------+--------+--------+--------+--------+-----+--------+
         Total |    129 |    129 |      0 |     49 |     59 |   1 |  129.0 |
       Dungeon |    129 |    129 |      0 |     49 |     59 |   1 |  129.0 |
               +--------+--------+--------+--------+--------+-----+--------+

Top non-repeatable levels by time:
     D:5: 129 daAuts
